 Seeded DCSS version 0.31-a0-986-g5e6e4ef867 (webtiles) character file.

Game seed: 20231112 (custom seed)

805 Danienth the Grave Robber (level 7, -2/40 HPs)
             Began as a Deep Elf Necromancer on Nov 12, 2023.
             Slain by an ufetubus (3 damage)
             ... on level 5 of the Dungeon.
             The game lasted 00:27:27 (6157 turns).

Danienth the Grave Robber (Deep Elf Necromancer)    Turns: 6157, Time: 00:27:28

Health: -2/40      AC:  7    Str:  7    XL:     7   Next: 60%
Magic:  6/15       EV: 11    Int: 20    God:
Gold:   249        SH:  8    Dex: 15    Spells: 4/14 levels left

rFire   . . .        e - +1 dagger (venom)
rCold   . . .        g - +3 buckler
rNeg    . . .        l - +3 leather armour
rPois   .            (no helmet)
rElec   .            c - +0 cloak
rCorr   .            (no gloves)
SInv    .            (no boots)
Will    +....        (no amulet)
Stlth   ++           r - ring of willpower
HPRegen 0.26/turn    m - ring of flight
MPRegen 0.14/turn

%: no passive effects
@: weakened, animating dead, flying
A: no striking features
a: no special abilities


You were on level 5 of the Dungeon.
You visited 1 branch of the dungeon, and saw 5 of its levels.
You also visited: Sewer.

You collected 249 gold pieces.

Inventory:

Hand Weapons
 e - a +1 dagger of venom (weapon)
Missiles
 n - 2 poisoned darts
 s - 4 javelins (quivered)
Armour
 a - a +0 robe
 c - a +0 cloak (worn)
 f - a +4 ring mail of positive energy
 g - a +3 buckler (worn)
 l - a +3 leather armour (worn)
Magical Staves
 d - a staff of air
Jewellery
 i - a ring of fire
 j - a ring of positive energy
 m - a ring of flight (right hand)
 r - a ring of willpower (left hand)
Scrolls
 k - 2 scrolls of blinking
 o - 2 scrolls of teleportation {unknown}
 q - 2 scrolls of vulnerability {unknown}
 t - 2 scrolls of enchant weapon {unknown}
 v - a scroll of noise {unknown}
 w - a scroll of torment {unknown}
 x - 2 scrolls of revelation
Potions
 b - 2 potions of magic
 h - a potion of resistance
 p - a potion of cancellation {unknown}
 u - a potion of enlightenment {unknown}
 z - 2 potions of mutation {unknown}


   Skills:
 - Level 2.8 Fighting
 * Level 4.3 Short Blades
 - Level 3.0 Armour
 - Level 3.0 Dodging
 - Level 2.7 Stealth
 + Level 2.7 Shields
 - Level 4.1 Spellcasting
 - Level 5.0 Necromancy


You had 4 spell levels left.
You knew the following spells:

 Your Spells              Type           Power      Damage    Failure   Level
a - Necrotise             Necr           96%        1d8       3%          1
b - Vampiric Draining     Necr           24%        2d7       12%         3
c - Animate Dead          Necr           24%        N/A       36%         4
d - Blink                 Tloc           8%         N/A       41%         2

Your spell library contained the following spells:

 Spells                   Type           Power      Damage    Failure   Level
 Magic Dart               Conj           16%        1d3       30%         1
 Lesser Beckoning         Tloc           8%         N/A       41%         2
 Momentum Strike          Conj/Tloc      8%         3d8       41%         2
 Searing Ray              Conj           8%         2d4       41%         2
 Fulminant Prism          Conj/Hex       2%         3d5       96%         4
 Agony                    Necr           24%        N/A       71%         5


Dungeon Overview and Level Annotations

Branches:
Dungeon (5/15)              Sewer (visited)
 Temple: D:4-7

Altars:
Fedhas
The Shining One

Portals:
Abyss: D:4

Annotations:
D:4 2 transporters, GoblinPMC's ghost, amateur MiBe


Message History

* * * LOW HITPOINT WARNING * * *
The ufetubus hits you but does no damage.
Okay, then.
Casting: Necrotise (safe; 3% risk of failure)
Confirm with . or Enter, or press ? or * to list all spells.
You can't see any susceptible monsters within range! (Use Z to cast anyway.) Blink to where?
Press: ? - help, Dir - move target
Found a purple potion.
As you read the scroll of blinking, it crumbles to dust.
Casting: Necrotise (safe; 3% risk of failure)
Confirm with . or Enter, or press ? or * to list all spells.
You can't see any susceptible monsters within range! (Use Z to cast anyway.) Throw: 6 javelins
Press: ? - help, Q - select action, (/) - cycle Shift-Dir - straight line, f - ufetubus
Aim: an ufetubus (35% to hit)
You throw a javelin. The javelin barely misses the ufetubus.
The javelin pierces through the ufetubus.
The ufetubus is lightly wounded.
Throw: 5 javelins
Press: ? - help, Q - select action, (/) - cycle Shift-Dir - straight line, f/p - ufetubus
Aim: an ufetubus (35% to hit)
You throw a javelin.
The javelin closely misses the ufetubus.
You feel a bit more experienced. You block the ufetubus's attack.
The ufetubus barely misses you.
Hit: e) +1 dagger (venom)
Press: ? - help, Dir - move target, f/p - ufetubus
Aim: an ufetubus (about 48% to evade your +1 dagger of venom)
You barely miss the ufetubus. The ufetubus closely misses you.
You block the ufetubus's attack.
You are too injured to fight recklessly!
Hit: e) +1 dagger (venom)
Press: ? - help, Dir - move target, f/p - ufetubus
Aim: an ufetubus (about 48% to evade your +1 dagger of venom)
You closely miss the ufetubus. The ufetubus slips past you!
The ufetubus barely misses you. The ufetubus hits you.
* * * LOW HITPOINT WARNING * * *
The ufetubus hits you.
You die...

,.,,*#.####.##....#.......* *****
,..,,#...##.##....#.......* *,,,*
*...,*#.....##....######.#* *,,,*
**#..,#.....####### *,# **,,,*
,,*#..#....## *## *,***,,,,*
,,,#..#....########.####,,,<,,,,*
,,.#..##...##........!..,,,,*,,,*
,..$.)Z#...#..##5....#***,,**,,,*
,.....##........@#**** **,****,*
*#..###....#....5### *,* *,*
,####......#..#..(.# *,* *,*
,.....###.###....#o## *,* *,*
,.....###.#>>.####.o# *,#***,*
,.....###...#######.## *.##.,,,
,.....#.....#######.o#####...#.,,
,.......###...######g#.g...#...*,
,,.[..............)...ooZ#...#,,,


You could see an orc wizard, a gnoll (swift), 2 ufetubi and 2 orcs.

Vanquished Creatures
  A bullfrog (Sewer)
  2 scorpions
  3 jellies
  2 hounds
  An orc priest (D:3)
  2 iguanas (D:5)
  A sleepcap (D:4)
  An orc wizard (D:3)
  4 gnolls (D:4)
  11 adders
  A white imp (D:4)
  5 worms
  4 dart slugs
  3 orcs
  9 bats
  23 endoplasms
  11 giant cockroaches
  8 goblins
  8 hobgoblins
  7 jackals
  11 kobolds
  6 quokkas
  11 ball pythons
  6 frilled lizards
  6 rats (D:3)
147 creatures vanquished.

Vanquished Creatures (collateral kills)
  2 adders (Sewer)
  A worm (D:2)
  An endoplasm (D:3)
  2 frilled lizards
6 creatures vanquished.

Grand Total: 153 creatures vanquished

Notes
Turn   | Place    | Note
-------+----------+-------------------------------------------
     0 | D:1      | Danienth the Deep Elf Necromancer began the quest for the
                  | Orb.
     0 | D:1      | Reached XP level 1. HP: 10/10 MP: 6/6
   183 | D:1      | Reached XP level 2. HP: 15/15 MP: 5/8
   253 | D:1      | Reached skill level 5 in Necromancy
   624 | D:1      | Reached XP level 3. HP: 20/20 MP: 7/10
   733 | D:1      | Reached skill level 1 in Short Blades
  1479 | D:2      | Learned a level 3 spell: Vampiric Draining
  1496 | D:2      | Reached skill level 1 in Fighting
  1856 | D:2      | Reached XP level 4. HP: 25/25 MP: 2/11
  1950 | D:2      | Reached skill level 1 in Shields
  2489 | D:3      | Reached XP level 5. HP: 19/30 MP: 1/12
  2609 | D:3      | Reached skill level 1 in Armour
  2770 | D:3      | Found a glowing drain.
  2784 | Sewer    | Entered a sewer
  3124 | Sewer    | Reached XP level 6. HP: 35/35 MP: 10/14
  3937 | D:3      | Learned a level 4 spell: Animate Dead
  3940 | D:3      | Learned a level 2 spell: Blink
  4340 | D:3      | Found a blossoming altar of Fedhas.
  4941 | D:4      | Reached XP level 7. HP: 36/40 MP: 8/15
  4992 | D:4      | Found a glowing golden altar of the Shining One.
  5055 | D:4      | Found a transporter.
  5753 | D:4      | Found a transporter.
  5765 | D:4      | Noticed GoblinPMC's ghost (amateur MiBe)
  5835 | D:4      | Found a one-way gate to the infinite horrors of the Abyss.
  6000 | D:5      | Entered Level 5 of the Dungeon
  6157 | D:5      | HP: 1/40 [ufetubus (4)]
  6157 | D:5      | Slain by an ufetubus

Illustrated notes

Levels and vault maps discovered:
D:1:      onia_arrival_pyramid, layout_basic
D:2:      layout_loops_corners, hangedman_feature_mirror
D:3:      minmay_razor_zed, layout_basic, fedhas_altar_4,
          cheibrodos_sewer_entry_bend, kennysheep_generic_room_3
D:4:      layout_basic, mainiacjoe_overflow_concentric_impassable,
          gammafunk_ghost_abyssal_escape, kennysheep_big_empty_room
D:5:      layout_rooms, gammafunk_ghost_icy, hex_large

Skill      XL: |  1  2  3  4  5  6  7 |
---------------+----------------------+-----
Necromancy     | 5 |  5.0
Short Blades   | 1 2 3 4 |  4.3
Fighting       | 1 2 |  2.8
Shields        | 1 2 |  2.7
Armour         | 1 2 3 |  3.0
Spellcasting   | 4 |  4.1
Dodging        | 3 |  3.0
Stealth        | |  2.7

Action                     |  1- 3 |  4- 6 |  7- 9 || total
---------------------------+-------+-------+-------++-------
  Melee: Dagger            |     7 |    11 |    29 ||    47
  Throw: Javelin           |       |       |     8 ||     8
         Dart              |       |       |     2 ||     2
   Cast: Necrotise         |    83 |   179 |    51 ||   313
         Animate Dead      |       |       |     1 ||     1
    Use: Scroll            |     1 |     6 |     6 ||    13
 Armour: Robe              |     9 |       |       ||     9
         Leather armour    |       |    31 |    38 ||    69
  Dodge: Dodged            |    19 |    31 |    30 ||    80
  Block: Buckler           |     2 |    18 |    26 ||    46

Table legend: (Time is in decaauts)
 A = Elapsed time spent in this place.
 B = Non-inter-level travel time spent in this place.
 C = Inter-level travel time spent in this place.
 D = Time resting spent in this place.
 E = Time spent auto-exploring this place.
 F = Levels seen in this place.
 G = Mean time per level.
                   A        B        C        D        E       F      G
               +--------+--------+--------+--------+--------+-----+--------+
         Total |   6209 |   5976 |    233 |    201 |   4904 |   6 | 1034.8 |
       Dungeon |   5259 |   5026 |    233 |    201 |   4170 |   5 | 1051.8 |
         Sewer |    950 |    950 |      0 |      0 |    734 |   1 |  950.0 |
               +--------+--------+--------+--------+--------+-----+--------+

Top non-repeatable levels by time:
     D:3: 1577 daAuts
     D:2: 1453 daAuts
     D:1: 1049 daAuts
     D:4: 1022 daAuts
   Sewer: 950 daAuts
     D:5: 157 daAuts
